 Dungeon Crawl Stone Soup version 0.19.0-2-gae57169 (webtiles) character file.

11438 Monsterracer the Cleaver (level 11, -2/102 HPs)
             Began as a Minotaur Berserker on Nov 6, 2016.
             Was a High Priest of Trog.
             Slain by a yak (3 damage)
             ... on level 11 of the Dungeon.
             The game lasted 00:38:34 (9655 turns).

Monsterracer the Cleaver (Minotaur Berserker)       Turns: 9655, Time: 00:38:34

Health: -2/102     AC: 15    Str: 22    XL:     11   Next: 49%
Magic:  12/12      EV: 13    Int:  6    God:    Trog [*****.]
Gold:   146        SH:  0    Dex: 16    Spells: 0 memorised, 10 levels left

rFire  + . .     SeeInvis .     D - +0 battleaxe
rCold  + . .     Gourm    .     v - +1 scale mail {rC+}
rNeg   . . .     Faith    .     (shield currently unavailable)
rPois  +         Spirit   .     (helmet restricted)
rElec  +         Reflect  .     e - +1 cloak {rPois}
rCorr  .         Harm     .     g - +0 pair of fencer's gloves {+Riposte Dex+3}
MR     .....                    B - +0 pair of boots
Stlth  ..........               o - amulet "Pisusoq" {+Rage rElec Int+2}
                                t - ring of protection from fire
                                u - ring of flight

@: exhausted, slowed, very slow
A: retaliatory headbutt, horns 2
a: Berserk, Trog's Hand, Brothers in Arms, Burn Spellbooks, Renounce Religion,
Evoke Berserk Rage, Evoke Flight


You were on level 11 of the Dungeon.
You worshipped Trog.
Trog was extremely pleased with you.
You were not hungry.

You visited 1 branch of the dungeon, and saw 11 of its levels.
You also visited: Sewer and Ossuary.

You collected 770 gold pieces.
You spent 624 gold pieces at shops.

Inventory:

Hand Weapons
 D - a +0 battleaxe (weapon)
Armour
 e - a +1 cloak of poison resistance (worn)
 g - the +0 pair of fencer's gloves (worn) {+Riposte Dex+3}
   (You bought it in a shop on level 8 of the Dungeon)

   It affects your dexterity (+3).
 v - a +1 scale mail of cold resistance (worn)
 A - a +1 ring mail of magic resistance
 B - a +0 pair of boots (worn)
Jewellery
 h - a +4 ring of intelligence
 o - the amulet "Pisusoq" (around neck) {+Rage rElec Int+2}
   (You found it on level 9 of the Dungeon)

   [amulet of rage]

   It affects your intelligence (+2).
   It insulates you from electricity.
   It lets you go berserk.
 t - a ring of protection from fire (right hand)
 u - a ring of flight (left hand)
Wands
 a - a wand of flame (35/48)
 s - a wand of heal wounds (3/9)
Scrolls
 b - 8 scrolls of remove curse
 d - 12 scrolls of identify
 n - 2 scrolls of magic mapping
 p - 9 scrolls of teleportation
 r - 2 scrolls of summoning
 y - a scroll of blinking
Potions
 i - 3 potions of might
 j - 3 potions of curing
 k - 2 potions of haste
 l - 2 potions of berserk rage
 q - a potion of resistance
 C - a potion of brilliance
Comestibles
 c - 9 bread rations
 f - a meat ration
 m - 2 beef jerkies
 x - 3 slices of pizza
 z - 3 fruits
 E - a royal jelly


   Skills:
 - Level 11.0 Fighting
 * Level 14.9 Axes
 - Level 10.0 Armour
 - Level 5.0 Dodging
 + Level 3.1 Evocations


You had 10 spell levels left.
You didn't know any spells.

Dungeon Overview and Level Annotations

Branches:
Dungeon (11/15)            Temple (0/1) D:6             Orc (0/2) D:9
   Lair: D:8-11

Altars:
Dithmenos
Fedhas
Gozag
Hepliaklqana
Nemelex Xobeh
Sif Muna
Uskayaw
Vehumet
Yredelemnul
The Shining One

Shops:
D:8 [[?[!   D:9 ?   D:10 =[

Annotations:
D:10 artefact scale mail + runed boots(500 total) and +4Dex RF+(800)


Innate Abilities, Weirdness & Mutations

You reflexively headbutt those who attack you in melee.
You have a pair of horns on your head.


Message History

* * * LOW HITPOINT WARNING * * *
You turn to flesh and can move again.
You slash the yak!
You kill the yak!
Trog accepts your kill.
Your Evocations skill increases to level 3!
The yak barely misses you.
You hit the yak. You headbutt the yak.
The yak is lightly wounded.
The yak gores you.
* * * LOW HITPOINT WARNING * * *
You slice the yak!! You headbutt the yak.
The yak is almost dead.
The yak gores you!
* * * LOW HITPOINT WARNING * * *
You slice the yak!!
You kill the yak!
Trog accepts your kill. The yak gores you.
You die...

#############
.......<....#
............#
............#
............#
............#
.....r##....#
....rr##....#
....rYY@....#
.P...Z#######
.♣... ....
... .. .


You could see 2 yaks, 2 river rats, a rat and a bullfrog skeleton.

Vanquished Creatures
  An unseen horror (D:8)
  A hill giant (D:6)
  An ugly thing (D:10)
  The ghost of azzavlup the Spear-Bearer, an amateur MfSk (D:5)
  A hippogriff (D:9)
  A spriggan (D:8)
  The ghost of lorenzova the Magician, an amateur DECj of Sif Muna (D:4)
  14 yaks (D:11)
  2 wyverns
  A hungry ghost (D:7)
  2 basilisks (D:11)
  A steam dragon (D:8)
  Menkaure (D:4)
  Edmund (D:4)
  2 water moccasins
  A soldier ant (D:10)
  Duvessa (D:4)
  2 porcupines (D:11)
  Purgy (Sewer)
  4 black bears
  2 orc warriors
  A sky beast (D:5)
  4 ice beasts
  3 necrophages (D:6)
  A phantom (D:6)
  4 ogres
  5 centaurs
  3 crocodiles (D:11)
  3 bullfrogs (D:8)
  5 big kobolds
  Dowan (D:4)
  A gnoll sergeant (D:9)
  4 scorpions
  10 killer bees
  4 howler monkeys
  2 centaur zombies
  A quasit (D:3)
  2 crimson imps
  A bullfrog zombie (D:6)
  3 human zombies (Ossuary)
  A jelly (D:8)
  Crazy Yiuf (D:2)
  2 bullfrog skeletons
  A gnoll shaman (D:4)
  6 orc priests
  3 hounds
  11 orc wizards
  2 centaur skeletons
  5 iguanas
  4 worker ants
  2 killer bee zombies
  A hound zombie (D:6)
  A hound skeleton (D:6)
  2 mummies (Ossuary)
  18 adders
  10 gnolls
  A howler monkey skeleton (D:7)
  2 river rats (D:11)
  2 shadow imps
  An ooze (D:3)
  2 adder skeletons
  2 worms (D:2)
  5 dart slugs
  3 leopard geckos
  36 orcs
  7 bats
  6 giant cockroaches
  8 hobgoblins
  2 jackals (D:2)
  5 quokkas
  2 ball pythons
  4 frilled lizards
  2 goblins
  2 goblin zombies (Ossuary)
  10 hobgoblin zombies (Ossuary)
  A jackal zombie (Ossuary)
  29 kobolds
  7 kobold zombies (Ossuary)
  A leopard gecko skeleton (D:4)
  A leopard gecko zombie (D:6)
  10 orc zombies (Ossuary)
  9 rats
  3 rat zombies (Ossuary)
  A bush (D:6)
  A plant (D:6)
335 creatures vanquished.

Vanquished Creatures (collateral kills)
  A steam dragon (D:5)
1 creature vanquished.

Vanquished Creatures (others)
  An adder (D:8)
  4 fungi
  2 plants (D:11)
7 creatures vanquished.

Grand Total: 343 creatures vanquished

Notes
Turn   | Place    | Note
-------+----------+-------------------------------------------
     0 | D:1      | Monsterracer the Minotaur Berserker began the quest for the Orb.
     0 | D:1      | Reached XP level 1. HP: 19/19 MP: 0/0
   370 | D:1      | Reached skill level 4 in Axes
   691 | D:2      | Reached XP level 2. HP: 27/27 MP: 1/1
   808 | D:2      | Reached XP level 3. HP: 28/33 MP: 2/2
   933 | D:2      | Reached ** piety under Trog
   945 | D:2      | Found a runed door.
   949 | D:2      | Noticed Crazy Yiuf
   954 | D:2      | Killed Crazy Yiuf
   954 | D:2      | Reached XP level 4. HP: 19/40 MP: 0/3
  1210 | D:2      | Reached skill level 5 in Axes
  1772 | D:3      | Noticed an ogre
  1779 | D:3      | Killed an ogre
  1779 | D:3      | Reached XP level 5. HP: 17/47 MP: 1/4
  1913 | D:3      | Found a hazy altar of Hepliaklqana.
  2203 | D:3      | Reached skill level 5 in Fighting
  2240 | D:4      | Reached *** piety under Trog
  2240 | D:4      | Reached XP level 6. HP: 56/56 MP: 5/5
  2290 | D:4      | Reached skill level 6 in Axes
  2363 | D:4      | Noticed Menkaure
  2368 | D:4      | Killed Menkaure
  2368 | D:4      | Reached XP level 7. HP: 13/61 MP: 2/6
  2427 | D:4      | Found a glowing golden altar of the Shining One.
  2500 | D:4      | Reached skill level 7 in Axes
  2515 | D:4      | Found a glowing drain.
  2604 | Sewer    | Entered a sewer
  2743 | Sewer    | Noticed Purgy
  2753 | Sewer    | Killed Purgy
  2830 | D:4      | Noticed lorenzova's ghost (amateur DECj)
  2838 | D:4      | Killed lorenzova's ghost
  2838 | D:4      | Reached skill level 5 in Armour
  3012 | D:4      | Noticed Duvessa
  3013 | D:4      | Noticed Dowan
  3014 | D:4      | Noticed Edmund
  3020 | D:4      | Killed Duvessa
  3020 | D:4      | Reached skill level 5 in Dodging
  3023 | D:4      | Killed Edmund
  3023 | D:4      | Reached skill level 8 in Axes
  3023 | D:4      | Reached XP level 8. HP: 40/70 MP: 3/7
  3027 | D:4      | Killed Dowan
  3438 | D:5      | Entered Level 5 of the Dungeon
  3588 | D:5      | Reached **** piety under Trog
  3628 | D:5      | Reached skill level 9 in Axes
  3717 | D:5      | Found a sand-covered staircase.
  3721 | Ossuary  | Entered an ossuary
  3869 | Ossuary  | Reached ***** piety under Trog
  3950 | Ossuary  | Gained mutation: Your body sometimes deteriorates upon taking damage. [potion of mutation]
  3950 | Ossuary  | Gained mutation: Your magical capacity is low. (-10% MP) [potion of mutation]
  3950 | Ossuary  | Gained mutation: You are weak. (Str -2) [potion of mutation]
  3951 | Ossuary  | Lost mutation: Your body sometimes deteriorates upon taking damage. [potion of cure mutation]
  3951 | Ossuary  | Lost mutation: Your magical capacity is low. (-10% MP) [potion of cure mutation]
  3951 | Ossuary  | Lost mutation: You are weak. (Str -2) [potion of cure mutation]
  4078 | D:5      | Found a faded altar of an unknown god.
  4078 | D:5      | Found an opulent altar of Gozag.
  4083 | D:5      | Found a basalt altar of Yredelemnul.
  4085 | D:5      | Found a hide-covered altar of Uskayaw.
  4086 | D:5      | Found a deep blue altar of Sif Muna.
  4159 | D:5      | Noticed azzavlup's ghost (amateur MfSk)
  4171 | D:5      | Killed azzavlup's ghost
  4171 | D:5      | Reached skill level 10 in Axes
  4171 | D:5      | Reached XP level 9. HP: 63/79 MP: 5/8
  4686 | D:6      | Noticed a hill giant
  4696 | D:6      | Killed a hill giant
  4696 | D:6      | Reached skill level 11 in Axes
  5044 | D:6      | Found a blossoming altar of Fedhas.
  5064 | D:6      | Found a staircase to the Ecumenical Temple.
  5222 | D:6      | Found a shadowy altar of Dithmenos.
  5304 | D:6      | Received a gift from Trog
  5402 | D:7      | Reached skill level 12 in Axes
  5483 | D:7      | Reached XP level 10. HP: 80/90 MP: 9/9
  6087 | D:8      | Found an opulent altar of Gozag.
  6542 | D:8      | HP: 4/91 [something (6)]
  6569 | D:8      | HP: 5/136 [something (5)]
  6572 | D:8      | Killed an unseen horror
  6572 | D:8      | Reached skill level 13 in Axes
  7086 | D:8      | Found Onlaihi's Magic Scroll Boutique.
  7093 | D:8      | Bought a scroll of remove curse for 36 gold pieces
  7093 | D:8      | Bought a scroll of identify for 24 gold pieces
  7093 | D:8      | Bought a scroll of identify for 24 gold pieces
  7093 | D:8      | Bought a scroll of identify for 24 gold pieces
  7093 | D:8      | Bought a scroll of identify for 24 gold pieces
  7093 | D:8      | Bought a scroll of remove curse for 36 gold pieces
  7093 | D:8      | Bought a scroll of remove curse for 36 gold pieces
  7123 | D:8      | Found Zeduthrett's Armour Emporium.
  7469 | D:8      | Found Fecogruu's Armour Boutique.
  7480 | D:8      | Bought a +1 cloak of poison resistance for 189 gold pieces
  7559 | D:8      | Found Imias's Armour Shoppe.
  7600 | D:8      | Reached skill level 10 in Fighting
  7669 | D:8      | Found Qatistreicu's Distillery.
  7757 | D:9      | Found Lucyl's Magic Scroll Boutique.
  7820 | D:8      | Bought the +0 pair of fencer's gloves {+Riposte Dex+3} for 231 gold pieces
  7909 | D:9      | Reached skill level 10 in Armour
  7910 | D:9      | Found a sparkling altar of Nemelex Xobeh.
  8006 | D:9      | Found a radiant altar of Vehumet.
  8167 | D:9      | Received a gift from Trog
  8320 | D:9      | Reached XP level 11. HP: 100/101 MP: 10/10
  8654 | D:9      | Found a staircase to the Orcish Mines.
  8756 | D:9      | Got a slimy ivory amulet
  8783 | D:9      | Identified the amulet "Pisusoq" {+Rage rElec Int+2} (You found it on level 9 of the Dungeon)
  8802 | D:10     | Entered Level 10 of the Dungeon
  8831 | D:10     | Reached skill level 14 in Axes
  8851 | D:10     | Noticed a cyan ugly thing
  8861 | D:10     | Killed a cyan ugly thing
  8864 | D:10     | Reached skill level 1 in Evocations
  9082 | D:10     | Found Wanoovat's Antique Armour Shop.
  9218 | D:10     | Found Mostregrez's Jewellery Emporium.
  9654 | D:11     | HP: 1/102 [yak (9)]
  9655 | D:11     | Slain by a yak

Skill      XL: |  1  2  3  4  5  6  7  8  9 10 11 |
---------------+----------------------------------+-----
Axes           | 4 5 6 8 10 12 13 14 | 14.9
Fighting       | 4 5 6 7 8 10 11 | 11.0
Dodging        | 3 4 5 |  5.0
Armour         | 3 4 5 7 8 10 | 10.0
Evocations     | 3 |  3.1

Action                   |  1- 3 |  4- 6 |  7- 9 | 10-12 || total
-------------------------+-------+-------+-------+-------++-------
Melee: Hand axe          |    42 |    47 |       |       ||    89
       Headbutt          |    10 |    16 |    60 |    78 ||   164
       Broad axe         |       |    50 |   296 |    11 ||   357
       Battleaxe         |       |       |       |   320 ||   320
Invok: Berserk           |     1 |     2 |     3 |     2 ||     8
       Burn Spellbooks   |       |     1 |       |       ||     1
  Use: Potion            |     3 |       |     8 |     4 ||    15
       Scroll            |     3 |     1 |    11 |     3 ||    18
  Eat: Chunk             |       |     7 |    23 |    20 ||    50
Armor: Leather armour    |    11 |    33 |    75 |       ||   119
       Scale mail        |       |       |    40 |   196 ||   236
Dodge: Dodged            |    19 |    79 |   216 |   214 ||   528
       Rpst.: Battleaxe  |       |       |       |    33 ||    33
